 Dungeon Crawl Stone Soup version 0.30.1-11-g7821555f0a (webtiles) character file.

Game seed: 3279419100610679974

2618 jagang the Carver (level 9, -2/71 HPs)
             Began as a Human Monk on Dec 22, 2023.
             Was a Believer of the Shining One.
             Slain by Erica
             ... wielding a +0 scimitar of flaming
              (13 damage)
             ... on level 8 of the Dungeon.
             The game lasted 00:15:41 (6950 turns).

jagang the Carver (Human Monk)                      Turns: 6950, Time: 00:15:41

Health: -2/71      AC: 17    Str: 11    XL:     9   Next: 91%
Magic:  9/9        EV:  3    Int: 11    God:    the Shining One [**....]
Gold:   313        SH:  4    Dex: 20    Spells: 8/8 levels left

rFire   + . .        A - +2 falchion (heavy)
rCold   + . .        l - +0 buckler
rNeg    + . .        D - +1 plate armour {Will+}
rPois   .            (no helmet)
rElec   .            j - scarf {rC+ rF+}
rCorr   .            t - +0 pair of gloves
SInv    .            p - +1 pair of boots {Stlth+}
Will    +....        (no amulet) Stlth
                     w - ring of flight
HPRegen 0.31/turn    (no ring)
MPRegen 0.11/turn

%: no passive effects
@: flying, slowed, glowing, very slow
A: no striking features
a: Renounce Religion, Divine Shield


You were on level 8 of the Dungeon.
You worshipped the Shining One.
The Shining One was pleased with you.
You visited 2 branches of the dungeon, and saw 9 of its levels.

You collected 403 gold pieces.
You spent 90 gold pieces at shops.

Inventory:

Hand Weapons
 o - a +0 long sword
 v - the +3 spear "Kakkom" {speed, rPois}
   (You found it on level 3 of the Dungeon)

   rPois:     It protects you from poison.
 A - a +2 heavy falchion (weapon)
Missiles
 h - 4 boomerangs
 y - 4 poisoned darts (quivered)
Armour
 i - a +2 chain mail of fire resistance
 j - a scarf of resistance (worn)
 l - a +0 buckler (worn)
 p - a +1 pair of boots of stealth (worn)
 t - a +0 pair of gloves (worn)
 D - a +1 plate armour of willpower (worn)
Jewellery
 d - a ring of ice
 w - a ring of flight (left hand)
Wands
 a - a wand of charming (13)
 E - a wand of acid (3)
Scrolls
 e - 2 scrolls of fear
 f - 3 scrolls of enchant armour
 g - 2 scrolls of fog
 n - a scroll of torment
 r - 2 scrolls of poison
 u - a scroll of immolation
 x - a scroll of noise
 B - 3 scrolls of teleportation
 C - a scroll of enchant weapon
Potions
 b - 4 potions of might {unknown}
 c - a potion of ambrosia
 k - a potion of attraction {unknown}
 m - a potion of degeneration {unknown}
 q - a potion of mutation {unknown}
 s - 2 potions of cancellation {unknown}
 z - a potion of flight {unknown}
 F - a potion of magic {unknown}


   Skills:
 + Level 6.9 Fighting
 * Level 8.7 Long Blades
 + Level 6.6 Armour
 - Level 4.5 Dodging
 + Level 0.0 Shields


You had 8 spell levels left.
You didn't know any spells.
Your spell library contained the following spells:

 Spells                   Type           Power      Damage    Failure   Level
 Foxfire                  Conj/Fire      0%         2x1d4     100%        1
 Summon Small Mammal      Summ           0%         N/A       100%        1
 Frozen Ramparts          Ice            0%         1d1       100%        3
 Animate Armour           Summ/Erth      0%         N/A       100%        4
 Ice Form                 Ice/Tmut       0%         N/A       100%        4
 Summon Ice Beast         Ice/Summ       0%         N/A       100%        4
 Fireball                 Conj/Fire      0%         3d3       100%        5
 Summon Forest            Summ/Tloc      0%         N/A       100%        5
 Plasma Beam              Fire/Air       0%         2x1d11    100%        6
 Starburst                Conj/Fire      0%         6d3       100%        6


Dungeon Overview and Level Annotations

Branches:
Dungeon (8/15)             Temple (1/1) D:7
   Lair: D:8-11

Altars:
Ashenzari
Cheibriados
Elyvilon
Fedhas
Gozag
Hepliaklqana
Makhleb
Qazlal
Ru
Trog
Uskayaw
Vehumet
Xom
Yredelemnul
Zin
The Shining One

Shops:
D:3 *

Annotations:
D:8 Erica


Message History

The kobold brigand throws a curare-tipped dart.
The curare-tipped dart completely misses you.
Erica gestures at you while chanting. The bolt of poison hits you!
You are poisoned.
You feel very sick.
The kobold brigand throws a curare-tipped dart.
The curare-tipped dart hits you.
You are more poisoned.
You have difficulty breathing.
You feel yourself slow down.
You feel very sick.
You feel very sick.
A kobold comes into view. It is wielding a +0 dagger.
You feel sick.
The kobold shouts!
You hear a shout!
The kobold hits you but does no damage.
The kobold moves out of view.
You hit the kobold.
You kill the kobold!
You feel very sick.
Erica hits you with a +0 scimitar of flaming!
You slash Erica!
Erica is moderately wounded.
You feel sick. You block Erica's attack. Erica completely misses you.
You barely miss Erica.
Erica is moderately wounded.
You feel sick.
You are no longer poisoned.
Erica hits you with a +0 scimitar of flaming!
* * * LOW HITPOINT WARNING * * *
Erica burns you.
* * * LOW HITPOINT WARNING * * *
The kobold hits you with a +0 short sword.
* * * LOW HITPOINT WARNING * * *
Erica hits you but does no damage.
You hit Erica but do no damage.
Erica is moderately wounded.
The kobold brigand hits you but does no damage.
The kobold hits you but does no damage.
Erica hits you with a +0 scimitar of flaming!
You die...

..........).........#####.####).
.................##..##......)).
.................#........#....#
......[.....#......#...........#
.......>.#......#.##.........###
.........###.....#.........###
.....###..............# .##
.#..............KK..#.#
.#.........(##..@@....#.#
...........#######......#
..........## #.........
..........# #..$.......
..#.......# #..........
..........# #.......... .......
#@......... #..........
##.........


You could see Erica, a kobold brigand and a kobold.

Vanquished Creatures
  Maurice (D:8)
  A steam dragon (D:6)
  3 water moccasins
  Duvessa (D:6)
  A black bear (D:5)
  An ice beast (D:8)
  3 ogres
  A centaur (D:7)
  2 phantoms (D:6)
  3 bullfrogs (D:7)
  Blork the orc (D:6)
  A scorpion (D:4)
  A gnoll sergeant (D:6)
  Dowan (D:6)
  3 orc priests
  A hound (D:5)
  2 sleepcaps
  2 iguanas
  5 orc wizards
  A statue (D:6)
  7 gnolls
  10 adders
  A shadow imp (D:7)
  A white imp (D:8)
  2 worms
  A dart slug (D:3)
  28 orcs
  2 bats (D:1)
  8 endoplasms
  3 giant cockroaches
  8 goblins
  11 hobgoblins
  9 jackals
  7 kobolds
  3 quokkas
  7 ball pythons
  6 frilled lizards
  2 rats
151 creatures vanquished.

Notes
Turn   | Place    | Note
-------+----------+-------------------------------------------
     0 | D:1      | jagang the Human Monk began the quest for the Orb.
     0 | D:1      | Reached XP level 1. HP: 18/18 MP: 1/1
   138 | D:1      | Reached XP level 2. HP: 21/24 MP: 2/2
   143 | D:1      | Reached skill level 1 in Armour
   296 | D:1      | Reached XP level 3. HP: 19/29 MP: 3/3
  1072 | D:2      | Reached XP level 4. HP: 35/35 MP: 4/4
  1524 | D:3      | Found Zuqog's General Store.
  1537 | D:3      | Bought a potion of heal wounds for 50 gold pieces
  1818 | D:3      | Identified the +3 spear "Kakkom" {speed, rPois}
  2406 | D:3      | Found Zuqog's General Store.
  2792 | D:3      | Bought a scroll of immolation for 40 gold pieces
  2896 | D:4      | Reached XP level 5. HP: 35/41 MP: 5/5
  3020 | D:4      | Got Faph's Essays on Phantasmal Topography
  3083 | D:4      | Reached XP level 6. HP: 37/48 MP: 6/6
  3838 | D:5      | Entered Level 5 of the Dungeon
  3999 | D:5      | Reached XP level 7. HP: 38/54 MP: 7/7
  4111 | D:5      | Found a snail-covered altar of Cheibriados.
  4124 | D:5      | Reached skill level 4 in Long Blades
  4219 | D:5      | Reached skill level 5 in Long Blades
  4375 | D:5      | Noticed a water moccasin
  4384 | D:5      | HP: 2/55 [water moccasin (4)]
  4393 | D:5      | Killed a water moccasin
  4394 | D:5      | Reached skill level 5 in Fighting
  4394 | D:5      | Reached XP level 8. HP: 22/62 MP: 8/8
  4907 | D:6      | Noticed Duvessa
  4908 | D:6      | Noticed Dowan
  4913 | D:6      | Killed Duvessa
  4914 | D:6      | Reached skill level 6 in Long Blades
  4915 | D:6      | Killed Dowan
  4977 | D:6      | Reached skill level 5 in Armour
  5346 | D:6      | Noticed Blork the orc
  5353 | D:6      | Killed Blork the orc
  5354 | D:6      | Reached XP level 9. HP: 62/69 MP: 9/9
  5391 | D:6      | Reached skill level 7 in Long Blades
  5473 | D:6      | Found a radiant altar of Vehumet.
  6277 | D:7      | Found a staircase to the Ecumenical Temple.
  6658 | D:7      | Reached skill level 8 in Long Blades
  6732 | Temple   | Entered the Ecumenical Temple
  6742 | Temple   | Became a worshipper of the Shining One
  6742 | Temple   | Reached * piety under the Shining One
  6742 | Temple   | Reached ** piety under the Shining One
  6897 | D:8      | Noticed Maurice
  6918 | D:8      | Killed Maurice
  6942 | D:8      | Noticed Erica
  6950 | D:8      | Slain by Erica

Illustrated notes

Levels and vault maps discovered:
D:1:      saegor_arrival_simple_d, layout_basic, minmay_pentomino_s2
D:2:      layout_basic
D:3:      layout_loops_cross, serial_shops, nicolae_shop_tiny_statue_garden
D:4:      nicolae_BIG_FREAKIN_CUBE, layout_basic, hangedman_decor_points
D:5:      layout_basic, mainiacjoe_overflow_paths
D:6:      layout_basic, vehumet_statue, uniq_duvessa, uniq_blork_the_orc
D:7:      layout_basic, minmay_temple_entry_metal_lava
D:8:      layout_rooms, kennysheep_pointless_box, uniq_erica, uniq_maurice,
          uniq_joseph, uniq_gastronok, uniq_maggie
Temple:   dpeg_three_leaves_temple

Skill      XL: |  1  2  3  4  5  6  7  8  9 |
---------------+----------------------------+-----
Armour         | 1 2 3 4 5 6 |  6.6
Dodging        | 4 |  4.5
Fighting       | 4 5 6 |  6.9
Long Blades    | 5 6 8 |  8.7

Action                     |  1- 3 |  4- 6 |  7- 9 || total
---------------------------+-------+-------+-------++-------
  Melee: Falchion          |    78 |   103 |   166 ||   347
         Spear             |       |    81 |       ||    81
  Throw: Boomerang         |       |       |     4 ||     4
         Dart              |       |       |    11 ||    11
         Throwing net      |       |       |     1 ||     1
    Use: Scroll            |       |     3 |     5 ||     8
         Potion            |       |       |     3 ||     3
 Armour: Robe              |     4 |       |       ||     4
         Scale mail        |    15 |    58 |       ||    73
         Leather armour    |     3 |       |       ||     3
         Plate armour      |       |     4 |   142 ||   146
  Dodge: Dodged            |    55 |    71 |    35 ||   161
  Block: Buckler           |       |       |     1 ||     1
